 Dungeon Crawl Stone Soup version 0.28.0-56-g4927b6849a (webtiles) character file.

Game seed: 16602649541820838887

187 cbfl8 the Poker (level 5, -3/40 HPs)
             Began as a Demonspawn Gladiator on Jan 27, 2023.
             Succumbed to a scorpion's poison
             ... on level 4 of the Dungeon.
             The game lasted 00:02:35 (3362 turns).

cbfl8 the Poker (Demonspawn Gladiator)              Turns: 3362, Time: 00:02:35

Health: -3/40      AC:  7    Str: 16    XL:     5   Next: 39%
Magic:  5/5        EV: 10    Int:  9    God:
Gold:   128        SH:  0    Dex: 15    Spells: 4/4 levels left

rFire   . . .      SeeInvis .   f - +0 hand axe (vorpal)
rCold   . . .      Faith    .   (no shield)
rNeg    . . .      Spirit   .   i - +0 scale mail
rPois   .          Reflect  .   c - +0 helmet
rElec   .          Harm     .   e - scarf {repulsion}
rCorr   .          Rampage  .   (no gloves)
Will    .....                   (no boots)
Stlth   ..........              (no amulet)
HPRegen 0.13/turn               (no ring)
MPRegen 0.09/turn               (no ring)

@: brilliant, lethally poisoned (-3 -> -20), invisible, repel missiles
A: demonic touch 2
a: no special abilities


You were on level 4 of the Dungeon.
You visited 1 branch of the dungeon, and saw 4 of its levels.

You collected 128 gold pieces.

Inventory:

Hand Weapons
 f - a +0 vorpal hand axe (weapon)
Missiles
 d - 3 throwing nets (quivered)
Armour
 c - a +0 helmet (worn)
 e - a scarf of repulsion (worn)
 i - a +0 scale mail (worn)
Wands
 l - a wand of polymorph (10)
Scrolls
 g - 2 scrolls of teleportation
 m - a scroll of immolation {unknown}
Potions
 h - a potion of mutation {unknown}
 j - a potion of resistance {unknown}
 k - a potion of might {unknown}
 o - a potion of berserk rage {unknown}


   Skills:
 * Level 2.8 Fighting
 * Level 1.8(2.8) Axes
 + Level 3.2(3.5) Polearms
 - Level 1.9 Throwing
 + Level 1.5 Armour
 + Level 3.2 Dodging
 + Level 0.5 Stealth
 * Level 1.7 Evocations


You had 4 spell levels left.
You didn't know any spells.
Your spell library was empty.

Dungeon Overview and Level Annotations

Branches:
Dungeon (4/15)
 Temple: D:4-7

Altars:

Shops:
D:3 =


Innate Abilities, Weirdness & Mutations

Your touch may inflict irresistible damage on your foes.


Message History

The scorpion is severely wounded.
You feel very sick.
The scorpion stings you but does no damage.
A scorpion is nearby!
You barely miss the scorpion.
The scorpion is severely wounded.
You feel sick.
The scorpion stings you but does no damage.
A scorpion is nearby!
You closely miss the scorpion.
The scorpion is severely wounded.
You feel sick.
The scorpion stings you but does no damage. x2
A scorpion is nearby!
You hit the scorpion but do no damage.
The scorpion is severely wounded.
You feel sick. The scorpion stings you.
You are more poisoned.
The scorpion poisons you!
A scorpion is nearby!
You are too injured to fight recklessly!
A scorpion is nearby!
You are too injured to fight recklessly!
A scorpion is nearby!
You barely miss the scorpion.
The scorpion is severely wounded.
You feel very sick. The scorpion stings you.
* * * LOW HITPOINT WARNING * * *
You are more poisoned.
The scorpion poisons you! The scorpion barely misses you.
It was a potion of brilliance.
You feel clever all of a sudden.
* * * LOW HITPOINT WARNING * * *
You feel very sick. The scorpion stings you.
* * * LOW HITPOINT WARNING * * *
It was a potion of invisibility.
You fade into invisibility!
You die...

#......# #......#
#......#
#......######
#......#....#
#......#....# .
#...†..#... .....
#......#'####.....
#.........@s......
#######...........
#...........
#...........
#...........
#...........
#...........
#######...........
#........##########


You could see a scorpion.

Vanquished Creatures
  A howler monkey (D:4)
  A jelly (D:3)
  Terence (D:3)
  A gnoll (D:1)
  2 adders
  An ufetubus (D:4)
  4 dart slugs
  An orc (D:3)
  6 bats
  8 endoplasms
  2 giant cockroaches (D:1)
  5 hobgoblins
  2 jackals (D:1)
  A kobold (D:1)
  A quokka (D:2)
  4 ball pythons
  3 frilled lizards
  4 goblins
  3 rats
51 creatures vanquished.

Vanquished Creatures (others)
  2 fungi (D:2)
  2 plants (D:2)
4 creatures vanquished.

Grand Total: 55 creatures vanquished

Notes
Turn   | Place    | Note
-------+----------+-------------------------------------------
     0 | D:1      | cbfl8 the Demonspawn Gladiator began the quest for the Orb.
     0 | D:1      | Reached XP level 1. HP: 16/16 MP: 1/1
   128 | D:1      | Gained mutation: Your touch may inflict minor irresistible
                  | damage on your foes. [demonic ancestry]
   128 | D:1      | Reached XP level 2. HP: 17/22 MP: 2/2
   582 | D:1      | Gained mutation: Your touch may inflict irresistible damage
                  | on your foes. [demonic ancestry]
   582 | D:1      | Reached XP level 3. HP: 27/27 MP: 3/3
  1512 | D:2      | Found a faded altar of an unknown god.
  1599 | D:2      | Reached skill level 1 in Evocations
  2308 | D:3      | Found Lempifab's Jewellery Emporium.
  2396 | D:3      | Reached skill level 1 in Armour
  2396 | D:3      | Reached XP level 4. HP: 21/34 MP: 4/4
  2710 | D:3      | Noticed Terence
  2721 | D:3      | Killed Terence
  2722 | D:3      | Reached skill level 1 in Axes
  3320 | D:4      | Reached XP level 5. HP: 40/40 MP: 5/5
  3361 | D:4      | HP: 1/40 [scorpion (3)]
  3362 | D:4      | Succumbed to a scorpion's poison

Illustrated notes

Levels and vault maps discovered:
D:1:      minmay_arrival_three_doors, layout_basic
D:2:      layout_basic, shapermc_ecumenical_altar_acropolis
D:3:      layout_loops_cross, serial_shops, nicolae_square_shop, uniq_terence
D:4:      layout_gridville

Skill      XL: |  1  2  3  4 |
---------------+-------------+-----
Polearms       | 3 |  3.2
Dodging        | 3 |  3.2
Evocations     | 1 |  1.7
Armour         | 1 |  1.5
Axes           | 1 |  1.8
Fighting       | |  2.8
Throwing       | |  1.9
Stealth        | |  0.5

Action                   |  1- 3 |  4- 6 || total
-------------------------+-------+-------++-------
Melee: Trident           |    22 |       ||    22
       Punch             |     2 |       ||     2
       Hand axe          |    75 |    44 ||   119
       Touch             |    11 |     5 ||    16
  Use: Scroll            |       |     3 ||     3
       Potion            |       |     2 ||     2
 Stab: Sleeping          |       |     1 ||     1
Armor: Leather armour    |    40 |     3 ||    43
       Scale mail        |       |    18 ||    18
Dodge: Dodged            |    66 |    33 ||    99
       Repelled          |     1 |     1 ||     2
